 Dungeon Crawl Stone Soup version 0.30-a0-475-g03497ec522 (webtiles) character file.

Game seed: 3966376429219523329

727 zishaf the Gusty (level 7, -1/44 HPs)
             Began as a Tengu Air Elementalist on Dec 20, 2022.
             Was an Initiate of Ru.
             Slain by a gnoll sergeant
             ... wielding a +6 spear
              (5 damage)
             ... on level 5 of the Dungeon.
             The game lasted 00:07:51 (5055 turns).

zishaf the Gusty (Tengu Air Elementalist)           Turns: 5055, Time: 00:07:52

Health: -1/44      AC:  8    Str:  9    XL:     7   Next: 72%
Magic:  9/11       EV: 14    Int: 17    God:    Ru [......]
Gold:   120        SH:  0    Dex: 14    Spells: 7/10 levels left

rFire   + . .      SeeInvis .    l - +1 whip (elec)
rCold   . . .      Faith    .    (no shield)
rNeg    . . .      Spirit   .    j - +2 robe {rF+}
rPois   +          Reflect  .    (helmet restricted)
rElec   .          Harm     .    (no cloak)
rCorr   .          Rampage  .    (no gloves)
Will    .....                    (boots unavailable)
Stlth   ++........               (no amulet)
HPRegen 0.27/turn                q - ring of poison resistance
MPRegen 0.12/turn                s - +4 ring of protection

@: flying quickly and evasively, quick
A: beak, talons 3, nimble flight
a: Renounce Religion


You were on level 5 of the Dungeon.
You worshipped Ru.
Ru was noncommittal.
You visited 2 branches of the dungeon, and saw 6 of its levels.

You collected 225 gold pieces.
You spent 105 gold pieces at shops.

Inventory:

Hand Weapons
 k - a +0 dagger of flaming
 l - a +1 whip of electrocution (weapon)
Armour
 j - a +2 robe of fire resistance (worn)
Jewellery
 q - a ring of poison resistance (left hand)
 s - a +4 ring of protection (right hand)
Wands
 p - a wand of iceblast (10)
Scrolls
 a - a scroll of enchant armour
 e - a scroll of magic mapping {unknown}
 f - 3 scrolls of enchant weapon {unknown}
 g - a scroll of identify {unknown}
 h - a scroll of poison {unknown}
 m - 2 scrolls of teleportation {unknown}
 o - 2 scrolls of fog {unknown}
 r - a scroll of amnesia {unknown}
Potions
 b - a potion of magic
 c - a potion of ambrosia {unknown}
 d - 3 potions of curing
 i - 2 potions of mutation {unknown}
 n - 2 potions of degeneration {unknown}


   Skills:
 + Level 4.5 Fighting
 - Level 2.1 Dodging
 - Level 2.0 Stealth
 - Level 2.0 Spellcasting
 + Level 6.3 Conjurations
 + Level 7.4 Air Magic


You had 7 spell levels left.
You knew the following spells:

 Your Spells              Type           Power      Damage    Failure   Level
a - Shock                 Conj/Air       96%        1d9       1%          1
A - Static Discharge      Conj/Air       48%        2-4/arc   1%          2

Your spell library contained the following spells:

 Spells                   Type           Power      Damage    Failure   Level
 Swiftness                Air            26%        N/A       2%          3
 Airstrike                Air            13%        2d(2-18)  10%         4
 Summon Guardian Golem    Hex/Summ       1%         N/A       50%         3
 Orb of Destruction       Conj           11%        9d6       100%        7
 Spellforged Servitor     Conj/Summ      6%         N/A       100%        7


Dungeon Overview and Level Annotations

Branches:
Dungeon (5/15)             Temple (1/1) D:4

Altars:
Cheibriados
Dithmenos
Elyvilon
Fedhas
Gozag
Hepliaklqana
Kikubaaqudgha
Makhleb
Nemelex Xobeh
Okawaru
Ru
Sif Muna
Trog
Uskayaw
Vehumet
Wu Jian
Yredelemnul
The Shining One

Shops:
D:1 ?


Innate Abilities, Weirdness & Mutations

You have a beak for a mouth.
You have claws for feet.
Your magical nature lets you fly swiftly and evasively.


Message History

You start resting.
HP restored.
You fly downwards.
There is a stone staircase leading up here.
A gnoll is nearby!
Found a twisted silver wand.
The gnoll misses you.
You hit the gnoll. You claw the gnoll. You peck the gnoll, but do no damage.
The gnoll is severely wounded.
The gnoll hits you with a +0 whip.
You hit the gnoll. Lightning courses through the gnoll!!
You kill the gnoll!
There is a stone staircase leading up here.
Casting: Shock (safe; 1% risk of failure)
Confirm with . or Enter, or press ? or * to list all spells.
Aiming: Shock (safe; 1% risk of failure)
Press: ? - help, Shift-Dir - straight line, f - gnoll sergeant
Aim: a gnoll sergeant, wielding a +6 spear, wearing a +0 ring mail and wearing a +0 buckler (81% to hit)
The zap hits the gnoll sergeant!
The gnoll sergeant is moderately wounded.
Casting: Shock (safe; 1% risk of failure)
Confirm with . or Enter, or press ? or * to list all spells.
Aiming: Shock (safe; 1% risk of failure)
Press: ? - help, Shift-Dir - straight line, f/p - gnoll sergeant
Aim: a gnoll sergeant, wielding a +6 spear, wearing a +0 ring mail and wearing a +0 buckler (moderately wounded, 81% to hit)
The zap hits the gnoll sergeant.
The gnoll sergeant is heavily wounded.
The gnoll sergeant hits you from afar with a +6 spear!
The gnoll throws a throwing net.
The throwing net hits you.
You become entangled in the net!
You struggle against the net.
The gnoll sergeant hits you from afar with a +6 spear!
You struggle against the net.
The gnoll sergeant hits you from afar with a +6 spear!
* * * LOW HITPOINT WARNING * * *
You shred the net and break free!
The gnoll sergeant hits you from afar with a +6 spear.
* * * LOW HITPOINT WARNING * * *
The gnoll sergeant hits you from afar with a +6 spear.
You die...

.....##.#.......#
#......)..g.<.#
##.##.......###
#######.##.#####.###
.........)...รท.....#
##..........#######
##.....g......##
#......g.......#
#....@.<.......#
#..............#
#..............#
#..............#
##............##
##..........##
############


You could see a gnoll sergeant and a gnoll.

Vanquished Creatures
  An orc warrior (D:4)
  A black bear (D:5)
  3 scorpions
  A jelly (D:5)
  A hound (D:4)
  An orc priest (D:4)
  An iguana (D:4)
  3 orc wizards (D:4)
  2 gnolls (D:5)
  4 adders
  A shadow imp (D:4)
  3 dart slugs
  20 orcs
  8 ball pythons
  7 endoplasms
  7 giant cockroaches
  2 goblins (D:2)
  6 hobgoblins
  8 jackals
  4 quokkas
  3 bats
  A frilled lizard (D:2)
  5 kobolds
  5 rats
98 creatures vanquished.

Notes
Turn   | Place    | Note
-------+----------+-------------------------------------------
     0 | D:1      | zishaf the Tengu Air Elementalist began the quest for the
                  | Orb.
     0 | D:1      | Reached XP level 1. HP: 10/10 MP: 4/4
   193 | D:1      | Reached XP level 2. HP: 16/16 MP: 0/6
   404 | D:1      | Reached skill level 1 in Fighting
   559 | D:1      | Found Bolyunt's Magic Scroll Emporium.
   682 | D:1      | Reached XP level 3. HP: 18/20 MP: 0/7
   699 | D:1      | Learned a level 2 spell: Static Discharge
  1276 | D:1      | Bought a scroll of enchant armour for 105 gold pieces
  1443 | D:2      | Reached XP level 4. HP: 26/26 MP: 4/8
  1653 | D:2      | Reached skill level 5 in Air Magic
  3210 | D:4      | Noticed an orc warrior
  3230 | D:4      | Gained mutation: Your magical nature lets you fly swiftly
                  | and evasively. [Tengu growth]
  3230 | D:4      | Reached XP level 5. HP: 25/31 MP: 0/9
  3581 | D:4      | Reached skill level 6 in Air Magic
  3581 | D:4      | Reached XP level 6. HP: 6/37 MP: 5/10
  3785 | D:4      | Reached skill level 5 in Conjurations
  4122 | D:4      | Reached XP level 7. HP: 42/42 MP: 11/11
  4132 | D:4      | Found a staircase to the Ecumenical Temple.
  4197 | Temple   | Entered the Ecumenical Temple
  4385 | Temple   | Became a worshipper of Ru the Awakened
  4794 | D:5      | Entered Level 5 of the Dungeon
  4812 | D:5      | Reached skill level 7 in Air Magic
  5055 | D:5      | Slain by a gnoll sergeant

Illustrated notes

Levels and vault maps discovered:
D:1:      ebering_trefoil_3fold, layout_rooms, serial_shops, shop
D:2:      layout_basic, st_stairs_3, kennysheep_generic_room_11
D:3:      layout_basic, skrybe_limestone_x
D:4:      layout_basic, minmay_temple_entry_wispy
D:5:      layout_rooms, kennysheep_generic_room_15, uniq_duvessa
Temple:   mainiacjoe_temple_coin_purse

Skill      XL: |  1  2  3  4  5  6  7 |
---------------+----------------------+-----
Conjurations   | 2 3 4 5 6 |  6.3
Fighting       | 1 2 3 4 |  4.5
Air Magic      | 5 6 7 |  7.4
Dodging        | |  2.1
Stealth        | |  2.0
Spellcasting   | |  2.0

Action                   |  1- 3 |  4- 6 |  7- 9 || total
-------------------------+-------+-------+-------++-------
Melee: Unarmed           |    16 |       |       ||    16
       Kick              |     4 |    28 |     6 ||    38
       Peck              |     2 |    16 |     2 ||    20
       Dagger            |     3 |     4 |       ||     7
       Whip              |       |   103 |    21 ||   124
       Punch             |       |     1 |       ||     1
 Cast: Shock             |    71 |    42 |     4 ||   117
       Static Discharge  |       |     7 |     6 ||    13
  Use: Potion            |       |     1 |       ||     1
 Stab: Sleeping          |       |     6 |     1 ||     7
       Distracted        |       |     1 |       ||     1
Armor: Robe              |     8 |    20 |     9 ||    37
Dodge: Dodged            |    27 |    72 |    16 ||   115

Table legend: (Time is in decaauts)
 A = Elapsed time spent in this place.
 B = Non-inter-level travel time spent in this place.
 C = Inter-level travel time spent in this place.
 D = Time resting spent in this place.
 E = Time spent auto-exploring this place.
 F = Levels seen in this place.
 G = Mean time per level.
                   A        B        C        D        E       F      G
               +--------+--------+--------+--------+--------+-----+--------+
         Total |   4963 |   4612 |    351 |    138 |   3756 |   6 |  827.2 |
       Dungeon |   4785 |   4525 |    260 |    138 |   3684 |   5 |  957.0 |
        Temple |    178 |     87 |     91 |      0 |     72 |   1 |  178.0 |
               +--------+--------+--------+--------+--------+-----+--------+

Top non-repeatable levels by time:
     D:4: 1451 daAuts
     D:2: 1201 daAuts
     D:3: 1165 daAuts
     D:1: 835 daAuts
  Temple: 178 daAuts
     D:5: 132 daAuts
